 Dungeon Crawl Stone Soup version 0.31.0-32-g396128a36d (webtiles) character file.

Game seed: 7013380662037999855

2410 PaiMei the Scholar of Death (level 9, -5/68 HPs)
             Began as a Demonspawn Necromancer on Apr 12, 2024.
             Was a Follower of Kikubaaqudgha.
             Slain by a wraith (12 damage)
             ... on level 7 of the Dungeon.
             The game lasted 00:12:18 (8833 turns).

PaiMei the Scholar of Death (DsNe)                  Turns: 8833, Time: 00:12:19

Health: -5/68      AC:  4    Str:  8    XL:     9   Next: 23%
Magic:  18/18      EV: 13    Int: 30    God:    Kikubaaqudgha [*.....]
Gold:   563        SH:  8    Dex: 15    Spells: 7/20 levels left

rFire   . . .        E - +7 flail of Gozag's Respect {drain, rCorr Int+5}
rCold   + . .        w - +0 buckler
rNeg    . . .        A - +0 leather armour "Aphesch" {rElec rC+}
rPois   +            y - +0 helmet
rElec   +            (no cloak)
rCorr   +            (no gloves)
SInv    .            (no boots)
Will    .....        (no amulet)
Stlth   ++           i - +6 ring of intelligence
HPRegen 0.31/turn    k - ring of poison resistance
MPRegen 0.16/turn

%: no passive effects
@: slowed, very slow
A: large bone plates 1, powered by pain 1, demonic touch 1
a: Renounce Religion, Unearth Wretches


You were on level 7 of the Dungeon.
You worshipped Kikubaaqudgha.
Kikubaaqudgha was aware of your devotion.
You visited 1 branch of the dungeon, and saw 7 of its levels.
You also visited: Bailey.

You collected 563 gold pieces.

Inventory:

Hand Weapons
 g - a +2 dagger of flaming
 E - the +7 flail of Gozag's Respect (weapon) {drain, rCorr Int+5}
   (You found it on level 6 of the Dungeon)

   Int+5:     It affects your intelligence (+5).
   rCorr:     It protects you from acid and corrosion.
Missiles
 s - 3 throwing nets
 t - 16 poisoned darts
Armour
 a - a +0 robe
 w - a +0 buckler (worn)
 y - a +0 helmet (worn)
 A - the +0 leather armour "Aphesch" (worn) {rElec rC+}
   (You found it on level 6 of the Dungeon)

   rC+:       It protects you from cold.
   rElec:     It insulates you from electricity.
Jewellery
 i - a +6 ring of intelligence (left hand)
 k - a ring of poison resistance (right hand)
 x - a ring of wizardry
Wands
 r - a wand of flame (20)
 v - a wand of roots (8)
 D - a wand of digging (5)
Scrolls
 d - a scroll of silence {unknown}
 e - 2 scrolls of noise
 f - 6 scrolls of identify
 j - a scroll of teleportation
 l - a scroll of acquirement {unknown}
 o - 2 scrolls of enchant weapon {unknown}
 u - a scroll of revelation {unknown}
 z - a scroll of amnesia {unknown}
 B - a scroll of summoning {unknown}
Potions
 b - 2 potions of magic
 c - 2 potions of attraction {unknown}
 h - 2 potions of enlightenment {unknown}
 m - a potion of heal wounds {unknown}
 n - a potion of lignification {unknown}
 p - 2 potions of brilliance {unknown}
 q - 4 potions of curing {unknown}
 C - a potion of mutation {unknown}


   Skills:
 + Level 5.1 Fighting
 + Level 5.9 Dodging
 - Level 3.4 Stealth
 + Level 6.0 Spellcasting
 + Level 8.1 Necromancy


You had 7 spell levels left.
You knew the following spells:

 Your Spells              Type           Power      Damage    Failure   Level
a - Necrotise             Necr           100%       1d9       1%          1
b - Vampiric Draining     Necr           55%        2d9       1%          3
c - Animate Dead          Necr           55%        N/A       4%          4
d - Curse of Agony        Necr           55%        N/A       12%         5

Your spell library contained the following spells:

 Spells                   Type           Power      Damage    Failure   Level
 Fugue of the Fallen      Necr           55%        N/A       1%          3
 Kiss of Death            Conj/Necr      100%       2d13      2%          1
 Cigotuvi's Dreadful Rot  Necr/Alch/Air  50%        N/A       6%          2
 Apportation              Tloc           18%        N/A       12%         1
 Sting                    Conj/Alch      36%        1d5       12%         1
 Summon Small Mammal      Summ           36%        N/A       12%         1
 Ensorcelled Hibernation  Hex/Ice        18%        N/A       19%         2
 Lesser Beckoning         Tloc           18%        N/A       19%         2
 Gell's Gravitas          Tloc           9%         N/A       36%         3
 Passwall                 Erth           9%         N/A       36%         3
 Swiftness                Air            9%         N/A       36%         3
 Teleport Other           Tloc           9%         N/A       36%         3


Dungeon Overview and Level Annotations

Branches:
Dungeon (7/15)             Temple (0/1) D:7          Bailey (visited)

Altars:
Ashenzari
Gozag
Kikubaaqudgha
Nemelex Xobeh
Ru
Sif Muna
Trog
Uskayaw
Vehumet

Annotations:
D:2 Sigmund
D:3 3 runed translucent doors, Skular's ghost, amateur DjCj


Innate Abilities, Weirdness & Mutations

You are partially covered in large bone plates. (SH +4)
You sometimes gain a little power by taking damage.
Your touch may inflict minor irresistible damage on your foes.


Message History

You feel as though you will be slow longer.
You hit the wraith.
The wraith is heavily damaged.
The wraith hits you but does no damage. The wraith closely misses you.
You hit the wraith but do no damage.
The wraith is heavily damaged.
The wraith hits you! The wraith drains your vigour!
You feel as though you will be slow longer.
The wraith hits you but does no damage. The wraith barely misses you.
You completely miss the wraith.
The wraith is heavily damaged.
The wraith completely misses you. The wraith misses you.
You closely miss the wraith.
The wraith is heavily damaged.
The wraith hits you. The wraith drains your vigour!
You feel as though you will be slow longer.
The wraith hits you. The wraith drains your vigour!
You feel as though you will be slow longer.
You hit the wraith.
The wraith is heavily damaged.
You block the wraith's attack. The wraith completely misses you.
Aiming: Throw Flame
Press: ? - help, Shift-Dir - straight line, f - wraith
Aim: a wraith (heavily damaged, 68% to hit)
The puff of flame misses the wraith.
You block the wraith's attack. The wraith hits you.
* * * LOW HITPOINT WARNING * * *
Aiming: Throw Flame
Press: ? - help, Shift-Dir - straight line, f/p - wraith
Aim: a wraith (heavily damaged, 68% to hit)
The puff of flame hits the wraith but does no damage.
The wraith is heavily damaged.
You block the wraith's attack.
You sock the wraith!
The wraith is severely damaged.
The wraith hits you!
* * * LOW HITPOINT WARNING * * *
The wraith hits you!
You die...
Kikubaaqudgha rasps: "You have failed me!
Welcome... death!"

#..## #.#####
.. ......#
##... ......#
..... ......#
######.#...
......#
#........
#######
#......###. #
#...8..._.. #
#..@W..!).. #
#...8...... #
#..)....... #
#...8...... #
#..........
####
#####.......+..
.#P#
#...........# .
...####
#....########
......# #....#


You could see a wraith.

Vanquished Creatures
  A two-headed ogre (D:6)
  A water moccasin (D:6)
  An orc warrior (D:6)
  An ice beast (D:5)
  A sky beast (D:7)
  2 black bears (D:6)
  2 ogres
  A phantom (D:6)
  A kobold brigand (D:6)
  A gnoll sergeant (D:4)
  2 scorpions
  An orc priest (D:2)
  3 hounds (D:5)
  2 jellies
  A gnoll bouda (D:5)
  Ijyb (D:4)
  Natasha (thrice) (D:2)
  3 iguanas
  A sleepcap (D:6)
  2 orc wizards
  12 gnolls
  7 adders
  A shadow imp (D:6)
  A white imp (D:6)
  2 ufetubi (D:6)
  4 dart slugs
  21 orcs
  14 ball pythons
  A bat (D:1)
  An endoplasm (D:1)
  3 giant cockroaches
  9 goblins
  5 hobgoblins
  4 jackals (D:2)
  2 quokkas
  3 frilled lizards
  16 kobolds
  12 rats
149 creatures vanquished.

Vanquished Creatures (collateral kills)
  A dart slug (D:1)
1 creature vanquished.

Grand Total: 150 creatures vanquished

Notes
Turn   | Place    | Note
-------+----------+-------------------------------------------
     0 | D:1      | PaiMei the Demonspawn Necromancer began the quest for the
                  | Orb.
     0 | D:1      | Reached XP level 1. HP: 13/13 MP: 3/3
   248 | D:1      | Gained mutation: You sometimes gain a little power by
                  | taking damage. [demonic ancestry]
   248 | D:1      | Reached XP level 2. HP: 18/19 MP: 1/5
   960 | D:2      | Gained mutation: You are partially covered in large bone
                  | plates. (SH +4) [demonic ancestry]
   960 | D:2      | Reached XP level 3. HP: 24/24 MP: 3/6
   964 | D:2      | Learned a level 3 spell: Vampiric Draining
  1065 | D:2      | Noticed Sigmund
  1488 | D:2      | Noticed Natasha
  1496 | D:2      | Killed Natasha
  1497 | D:2      | Reached skill level 5 in Necromancy
  1497 | D:2      | Reached XP level 4. HP: 24/30 MP: 3/8
  1724 | D:2      | Noticed Natasha
  1730 | D:2      | Killed Natasha
  1913 | D:2      | Noticed Natasha
  1920 | D:2      | Killed Natasha
  1921 | D:2      | Reached XP level 5. HP: 25/35 MP: 3/9
  2933 | D:3      | Reached XP level 6. HP: 41/41 MP: 6/10
  3193 | D:3      | Found a runed translucent gate.
  3193 | D:3      | Found a runed translucent gate.
  3193 | D:3      | Found a runed translucent gate.
  3195 | D:3      | Found an opulent altar of Gozag.
  3198 | D:3      | Noticed Skular's ghost (amateur DjCj)
  3542 | D:3      | Found a faded altar of an unknown god.
  3726 | D:4      | Learned a level 4 spell: Animate Dead
  4013 | D:4      | Noticed Ijyb
  4024 | D:4      | Killed Ijyb
  4025 | D:4      | Reached skill level 1 in Fighting
  4433 | D:4      | Found a bloodstained altar of Trog.
  4496 | D:4      | Reached skill level 6 in Necromancy
  4830 | D:4      | Reached XP level 7. HP: 48/48 MP: 9/12
  5211 | D:5      | Entered Level 5 of the Dungeon
  5218 | D:5      | Found a radiant altar of Vehumet.
  5318 | D:5      | Found an ancient bone altar of Kikubaaqudgha.
  5324 | D:5      | Became a worshipper of Kikubaaqudgha
  6264 | D:5      | Gained mutation: Your touch may inflict minor irresistible
                  | damage on your foes. [demonic ancestry]
  6264 | D:5      | Reached XP level 8. HP: 58/58 MP: 11/14
  6594 | D:5      | Learned a level 5 spell: Curse of Agony
  6672 | D:6      | Identified the +0 leather armour "Aphesch" {rElec rC+}
  6878 | D:6      | Noticed a two-headed ogre
  6886 | D:6      | Killed a two-headed ogre
  6887 | D:6      | Reached skill level 5 in Dodging
  6887 | D:6      | Reached skill level 5 in Spellcasting
  6887 | D:6      | Reached skill level 7 in Necromancy
  7172 | D:6      | Reached XP level 9. HP: 27/66 MP: 1/17
  8092 | D:6      | Reached skill level 5 in Fighting
  8092 | D:6      | Reached skill level 8 in Necromancy
  8092 | D:6      | Reached * piety under Kikubaaqudgha
  8092 | D:6      | Received a gift from Kikubaaqudgha
  8322 | D:6      | Found a sacrificial altar of Ru.
  8391 | D:6      | Identified the +7 flail of Gozag's Respect {drain, rCorr
                  | Int+5}
  8469 | D:7      | Found a shimmering blue altar of Sif Muna.
  8469 | D:7      | Found a sparkling altar of Nemelex Xobeh.
  8469 | D:7      | Found a broken altar of Ashenzari.
  8489 | D:7      | Found a staircase to the Ecumenical Temple.
  8530 | D:7      | Found a flagged portal.
  8634 | Bailey   | Entered a bailey
  8813 | D:7      | Found a hide-covered altar of Uskayaw.
  8833 | D:7      | Slain by a wraith

Illustrated notes

Levels and vault maps discovered:
D:1:      heliophobic_arrival_henge, layout_basic, minmay_quantized
D:2:      layout_rooms, st_stairs_3, uniq_natasha, uniq_sigmund
D:3:      layout_basic, nicolae_overflow_ecumenical_swirl, ebering_ghost_gozag,
          minmay_box_of_dots
D:4:      layout_cave_pools, amcnicky_altar_gilded, lightli_minifort, uniq_ijyb
D:5:      nicolae_cairo_tiling, layout_basic, vehumet_altar_wand_db,
          mainiacjoe_overflow_boulevard, kennysheep_generic_room_8
D:6:      layout_loops_ring, nicolae_ru_the_path_less_chosen
D:7:      layout_gridville, mainiacjoe_overflow_alcove_1,
          eat_drink_and_be_merry_uskayaw, gammafunk_temple_overflow_forgotten,
          minmay_temple_entry_overgrown, enter_bailey_4,
          lightli_ossuary_entry_decrepit_ruins, st_stairs_10,
          kennysheep_decorative_pillar, corexii_leaking_fountain

Skill      XL: |  1  2  3  4  5  6  7  8  9 |
---------------+----------------------------+-----
Stealth        | 2 3 |  3.4
Dodging        | 2 3 4 5 |  5.9
Necromancy     | 5 6 7 8 |  8.1
Spellcasting   | 3 4 5 6 |  6.0
Fighting       | 1 3 4 5 |  5.1

Action                     |  1- 3 |  4- 6 |  7- 9 || total
---------------------------+-------+-------+-------++-------
  Melee: Unarmed           |    20 |       |       ||    20
         Dagger            |     9 |    12 |   103 ||   124
         Flail             |       |       |    18 ||    18
   Cast: Necrotise         |    68 |   134 |    79 ||   281
         Vampiric Draining |       |     3 |    42 ||    45
  Evoke: Wand              |       |       |     2 ||     2
    Use: Scroll            |       |       |     3 ||     3
 Armour: Robe              |    34 |    33 |    34 ||   101
         Leather armour    |       |       |   105 ||   105
  Dodge: Dodged            |    36 |    33 |   157 ||   226
  Block: Other             |     1 |     7 |       ||     8
         Buckler           |       |       |   112 ||   112
